 Dungeon Crawl Stone Soup version 0.24-a0-292-g5c6fb1c (webtiles) character file.

Game seed: 7582216407091875307

49 theanonym the Skirmisher (level 3, -2/33 HPs)
             Began as a Hill Orc Artificer on May 10, 2019.
             Slain by a gnoll
             ... wielding a +0 spear
              (3 damage)
             ... on level 2 of the Dungeon.
             The game lasted 00:02:03 (1155 turns).

theanonym the Skirmisher (Hill Orc Artificer)       Turns: 1155, Time: 00:02:04

Health: -2/33      AC:  9    Str: 13 (15) XL:     3   Next: 75%
Magic:  5/5        EV:  8    Int: 14 (16) God:
Gold:   56         SH:  0    Dex:  9 (11) Spells: 2/2 levels left

rFire    + . .     SeeInvis .   a - +0 short sword
rCold    + . .     Gourm    .   (no shield)
rNeg     . . .     Faith    .   c - +0 scale mail
rPois    +         Spirit   .   (no helmet)
rElec    +         Reflect  .   p - +2 cloak
rCorr    +         Harm     .   (no gloves)
MR       .....                  (no boots)
Stlth    ..........             q - amulet of inaccuracy (curse)
HPRegen  0.11/turn              (no ring)
MPRegen  0.09/turn              (no ring)

@: brilliant, resistant, slowed, drained, very slow
A: no striking features
a: no special abilities


   Skills:
 + Level 4.2(3.2) Fighting
 - Level 1.0(0.0) Short Blades
 - Level 1.5(0.5) Dodging
 - Level 0.7(0.0) Stealth
 - Level 3.0(1.9) Evocations


You had 2 spell levels left.
You didn't know any spells.
Your spell library was empty.

Skill      XL: |  1  2 |
---------------+-------+-----
Fighting       | 2 4 |  4.2
Short Blades   | |  1.0
Dodging        | |  1.5
Stealth        | |  0.7
Evocations     | |  3.0

Action                   || total
-------------------------++-------
Melee: Short sword       ||   152
  Use: Potion            ||     5
       Scroll            ||     3
  Eat: Chunk             ||     1
Armor: Leather armour    ||    41
       Scale mail        ||    61
Dodge: Dodged            ||   105

Inventory:

Hand Weapons
 a - a +0 short sword (weapon)
Armour
 b - a +0 leather armour
 c - a +0 scale mail (worn)
 p - a +2 cloak (worn)
Jewellery
 m - an uncursed amulet of harm
 q - a cursed amulet of inaccuracy (around neck)
Wands
 d - a wand of enslavement (15)
 f - a wand of random effects (15)
 w - a wand of flame (15)
Scrolls
 i - a scroll of enchant weapon {unknown}
Comestibles
 e - 2 rations
 l - a chunk of flesh


You were on level 2 of the Dungeon.
You were not hungry.

You visited 1 branch of the dungeon, and saw 2 of its levels.

You collected 56 gold pieces.

Dungeon Overview and Level Annotations

Branches:
Dungeon (2/15)

Altars:

##########.###
...#.........
####.#......##
#............#
#.#............#
#..........#...#
############.$##.#
..#
...รท..>.......##.#
.#
#.####.#####..##@#
# #.# #........##g#
#.#########...##g#
.......#<.....##g#
#.####.#.##.#.##.#
#.#..#.#........g.
#.#..#.#)#.##.##.#
..............#...
...........#######


You could see 4 gnolls.

Notes
Turn   | Place    | Note
-------+----------+-------------------------------------------
     0 | D:1      | theanonym the Hill Orc Artificer began the quest for the
                  | Orb.
     0 | D:1      | Reached XP level 1. HP: 16/16 MP: 3/3
   190 | D:1      | Reached skill level 2 in Fighting
   194 | D:1      | HP: 8/17 [goblin (2)]
   201 | D:1      | Reached XP level 2. HP: 13/25 MP: 4/4
   756 | D:1      | Reached skill level 3 in Fighting
  1117 | D:2      | Noticed Jessica
  1150 | D:2      | Killed Jessica
  1150 | D:2      | Reached skill level 4 in Fighting
  1150 | D:2      | Reached XP level 3. HP: 22/33 MP: 5/5
  1152 | D:2      | HP: 15/33 [gnoll/cursed -2 flail (6)]
  1154 | D:2      | HP: 6/33 [gnoll/cursed -2 flail (5)]
  1154 | D:2      | HP: 1/33 [gnoll/+0 spear (5)]
  1155 | D:2      | Slain by a gnoll

Vanquished Creatures
  Jessica (D:2)
  2 leopard geckos
  2 giant cockroaches
  2 goblins (D:1)
  3 hobgoblins
  2 kobolds (D:1)
  5 bats (D:1)
  A frilled lizard (D:1)
  3 rats
21 creatures vanquished.

Table legend:
 A = Turns spent in this place as a percentage of turns spent in the entire game.
 B = Non-inter-level travel turns spent in this place as a percentage of non-inter-level travel turns spent in the entire game.
 C = Inter-level travel turns spent in this place as a percentage of turns spent in this place.
 D = Turns resting spent in this place as a percentage of non-inter-level travel turns spent in this place.
 E = Turns spent auto-exploring this place as a percentage of non-inter-level travel turns spent in this place.
 F = Non-inter-level travel turns spent in this place divided by the number of levels of this place that you've seen.
                   A       B       C       D       E      F
               +-------+-------+-------+-------+-------+----------------------
         Total | 100.0 | 100.0 |   2.9 |  12.7 |  61.9 | 561.0
       Dungeon | 100.0 | 100.0 |   2.9 |  12.7 |  61.9 | 561.0
               +-------+-------+-------+-------+-------+----------------------
